 Dungeon Crawl Stone Soup version 0.23.0 (webtiles) character file.

Game seed: 15022385309486585514

1744 xeno23 the Caller (level 8, 0/61 HPs)
             Began as a Mummy Summoner on Feb 13, 2019.
             Slain by a centaur
             ... wielding a +0 trident
              (4 damage)
             ... on level 7 of the Dungeon.
             The game lasted 00:42:34 (12692 turns).

xeno23 the Caller (Mummy Summoner)                 Turns: 12692, Time: 00:42:34

Health: 0/61       AC:  6    Str: 12    XL:     8   Next: 77%
Magic:  23/26      EV: 14    Int: 16    God:
Gold:   383        SH:  0    Dex: 12    Spells: 10/20 levels left

rFire    x . .     SeeInvis .   r - +0 spear
rCold    + . .     Gourm    .   (no shield)
rNeg     + + +     Faith    .   a - +0 robe
rPois    ∞         Spirit   .   (no helmet)
rElec    .         Reflect  .   u - +2 cloak
rCorr    .         Harm     .   (no gloves)
MR       +....                  g - +0 pair of boots
Stlth    ++........             (no amulet)
HPRegen  0.20/turn              k - ring of magical power
MPRegen  0.20/turn              (no ring)

@: no status effects
A: no food or potions, fire vulnerability, cold resistance 1, negative energy
resistance 3, torment resistance, unbreathing
a: no special abilities


You were on level 7 of the Dungeon.
You were not hungry.

You visited 1 branch of the dungeon, and saw 7 of its levels.
You also visited: Sewer.

You collected 383 gold pieces.

Inventory:

Hand Weapons
 j - a +1 whip of draining
 l - a +0 blowgun
 r - a +0 spear (weapon)
Missiles
 b - 26 poisoned needles
Armour
 a - a +0 robe (worn)
 g - a +0 pair of boots (worn)
 i - a +0 scale mail of magic resistance
 u - a +2 cloak (worn)
Jewellery
 k - a ring of magical power (left hand)
 v - an uncursed ring of resist corrosion {unknown}
Wands
 c - a wand of random effects (18)
 p - a wand of flame (2)
 q - a wand of paralysis (6)
Scrolls
 d - a scroll of enchant weapon
 e - 6 scrolls of teleportation
 f - 2 scrolls of enchant armour
 h - a scroll of blinking
 m - 3 scrolls of remove curse
 n - a scroll of torment
 o - a scroll of summoning {unknown}
 s - a scroll of identify
 t - a scroll of fog {unknown}


   Skills:
 + Level 4.7 Fighting
 + Level 1.0 Maces & Flails
 + Level 4.4 Dodging
 - Level 1.5 Stealth
 + Level 6.5 Spellcasting
 * Level 6.8 Summonings


You had 10 spell levels left.
You knew the following spells:

 Your Spells              Type           Power        Failure   Level  Hunger
a - Summon Small Mammal   Summ           ####         1%          1    N/A
d - Call Canine Familiar  Summ           ####....     2%          3    N/A
s - Call Imp              Summ           ####....     1%          2    N/A
w - Summon Ice Beast      Ice/Summ       ###.....     32%         4    N/A

Your spell library contained the following spells:

 Spells                   Type           Power        Failure   Level  Hunger
 Summon Guardian Golem    Hex/Summ       ###.....     10%         3    N/A
 Summon Lightning Spire   Summ/Air       ###.....     32%         4    N/A

Dungeon Overview and Level Annotations

Branches:
Dungeon (7/15)
 Temple: D:4-7

Altars:
Fedhas
Xom

Annotations:
D:2 Sigmund
D:5 2 runed translucent doors, Duvessa; theswoord's ghost, novice NaBe


Innate Abilities, Weirdness & Mutations

You do not eat or drink.
Your flesh is vulnerable to fire.
You are immune to poison.
Your flesh is cold resistant. (rC+)
You are immune to negative energy. (rN+++)
You are immune to unholy pain and torment.
You can survive without breathing.


Message History

Your hound bites the centaur.
The centaur hits your hound with a +0 trident.
You take 8 damage.
Attack whom?
Press: ? - help, Dir - move target cursor, f/p - centaur
Aim: a centaur, wielding a +0 trident and wearing a +0 robe (severely wounded)
You could not reach far enough!
Your hound barely misses the centaur.
The centaur completely misses your hound.
Your hound barely misses the centaur.
Attack whom?
Press: ? - help, Dir - move target cursor, f/p - centaur
Aim: a centaur, wielding a +0 trident and wearing a +0 robe (severely wounded)
You reach to attack!
You barely miss the centaur.
The centaur is severely wounded.
The centaur hits you from afar with a +0 trident!
* * * LOW HITPOINT WARNING * * *
Your hound bites the centaur.
A crimson imp comes into view.
The centaur hits you from afar with a +0 trident.
You die...

#............
#............
#............
####+##...... #####
#.##......
#.5.#####)##......
#c#.#.....##......
#h#.##.#####....a.
##@#.##.# #......
#..#....# #######
##.###### #.# #.#
#(################
#...(............#
#################.#
#..........######.#


You could see a centaur, a crimson imp and a friendly hound.

Vanquished Creatures
  Grinder (D:3)
  An ice beast (D:6)
  A phantom (D:7)
  A centaur (D:6)
  An ogre (D:5)
  A big kobold (Sewer)
  Dowan (D:5)
  2 crimson imps (D:5)
  An orc priest (D:4)
  2 hounds
  A bullfrog skeleton (D:6)
  Jessica (D:2)
  2 iguanas (D:4)
  7 orc wizards
  2 worker ants (D:5)
  A worker ant zombie (D:4)
  2 howler monkey skeletons (D:4)
  15 adders
  2 river rats (Sewer)
  2 shadow imps
  An adder zombie (D:6)
  2 worms
  A dart slug (D:1)
  4 leopard geckos
  19 orcs
  9 giant cockroaches
  5 goblins
  9 hobgoblins
  6 jackals
  21 kobolds
  5 quokkas
  3 ball pythons
  10 bats
  5 frilled lizards
  A leopard gecko skeleton (D:5)
  A leopard gecko zombie (D:6)
  A quokka zombie (D:6)
  41 rats
  A butterfly (D:3)
192 creatures vanquished.

Vanquished Creatures (collateral kills)
  Menkaure (D:4)
  An ogre (D:5)
  A jelly (D:7)
  An orc wizard (D:2)
  A worker ant (D:4)
  Natasha (thrice) (D:3 D:4)
  An adder (Sewer)
  2 river rats (Sewer)
  A worm (D:2)
  A dart slug (D:1)
  5 orcs
  A giant cockroach (D:1)
  3 rats (Sewer)
22 creatures vanquished.

Vanquished Creatures (others)
  A sky beast (D:7)
  An orc wizard (D:5)
2 creatures vanquished.

Grand Total: 216 creatures vanquished

Notes
Turn   | Place    | Note
-------+----------+-------------------------------------------
     0 | D:1      | xeno23 the Mummy Summoner began the quest for the Orb.
     0 | D:1      | Reached XP level 1. HP: 13/13 MP: 4/4
   707 | D:1      | Reached XP level 2. HP: 8/20 MP: 3/5
   911 | D:1      | Learned a level 2 spell: Call Imp
  1539 | D:1      | Reached skill level 1 in Fighting
  1542 | D:1      | Reached XP level 3. HP: 18/26 MP: 7/7
  2059 | D:2      | Noticed Jessica
  2485 | D:1      | Learned a level 3 spell: Call Canine Familiar
  2503 | D:2      | Killed Jessica
  2503 | D:2      | Reached XP level 4. HP: 22/32 MP: 9/9
  3241 | D:2      | Noticed Sigmund
  3429 | D:3      | Noticed Natasha
  3596 | D:2      | Reached XP level 5. HP: 23/38 MP: 7/10
  3718 | D:2      | Learned a level 4 spell: Summon Ice Beast
  3891 | D:3      | Killed Natasha
  3904 | D:3      | Noticed Natasha
  4150 | D:4      | Killed Natasha
  4677 | D:3      | Noticed Grinder
  4827 | D:3      | Found a shimmering altar of Xom.
  4876 | D:3      | Paralysed by Grinder for 5 turns
  5115 | D:3      | Paralysed by Grinder for 6 turns
  5137 | D:3      | Killed Grinder
  5137 | D:3      | Reached XP level 6. HP: 26/46 MP: 1/12
  5837 | D:4      | Noticed Natasha
  5911 | D:4      | Killed Natasha
  6323 | D:4      | Noticed Menkaure
  6482 | D:4      | Killed Menkaure
  6482 | D:4      | Reached skill level 5 in Summonings
  6623 | D:5      | Entered Level 5 of the Dungeon
  6695 | D:5      | Reached XP level 7. HP: 50/52 MP: 14/14
  6720 | D:5      | HP: 1/52 [orc/wand of flame (7) (9)]
  6730 | D:5      | Found a glowing drain.
  7086 | Sewer    | Entered a sewer
  8104 | Sewer    | Reached skill level 5 in Spellcasting
  9146 | D:5      | Found a large runed translucent door.
  9146 | D:5      | Noticed theswoord's ghost (novice NaBe)
  9147 | D:5      | Found a large runed translucent door.
  9289 | D:5      | Got a heavily runed steel ring
  9681 | D:5      | Reached XP level 8. HP: 56/60 MP: 16/16
  9692 | D:5      | Identified the ring "Kakyt" {*Tele *Drain Str+2 Int+7
                  | Dex-2} (You found it on level 5 of the Dungeon)
  9707 | D:5      | Noticed Duvessa
  9707 | D:5      | Noticed Dowan
 10416 | D:5      | Killed Dowan
 11975 | D:6      | Found a blossoming altar of Fedhas.
 12682 | D:7      | Reached skill level 1 in Maces & Flails
 12692 | D:7      | Slain by a centaur

Skill      XL: |  1  2  3  4  5  6  7  8 |
---------------+-------------------------+-----
Spellcasting   | 3 4 5 6 |  6.5
Fighting       | 1 2 3 4 |  4.7
Dodging        | 2 3 4 |  4.4
Summonings     | 4 5 6 |  6.8
Maces & Flails | 1 |  1.0
Stealth        | |  1.5

Action                   |  1- 3 |  4- 6 |  7- 9 || total
-------------------------+-------+-------+-------++-------
Melee: Unarmed           |   113 |       |       ||   113
       Short sword       |    90 |   226 |       ||   316
       Whip              |       |    78 |   617 ||   695
       Spear             |       |       |   118 ||   118
 Cast: Summon Small Mamm |     4 |       |       ||     4
       Call Imp          |     2 |     8 |     6 ||    16
       Call Canine Famil |       |    17 |    16 ||    33
Evoke: Wand              |       |       |     3 ||     3
  Use: Scroll            |     2 |     6 |     2 ||    10
 Stab: Sleeping          |    12 |     3 |     4 ||    19
       Distracted        |       |       |     1 ||     1
Armor: Robe              |    55 |    65 |   170 ||   290
Dodge: Dodged            |   142 |   213 |   547 ||   902
